 Dungeon Crawl Stone Soup version 0.29-a0-911-g88e6f02907 (webtiles) character file.

Game seed: 6037578759665825210

129847 Mesmaeker13 the Convoker (level 17, -5/139 HPs)
             Began as a Tengu Summoner on July 23, 2022.
             Was the Champion of Cheibriados.
             Slain by Bai Suzhen (19 damage)
             ... on level 3 of the Snake Pit on July 25, 2022.
             The game lasted 01:34:49 (32860 turns).

Mesmaeker13 the Convoker (Tengu Summoner)          Turns: 32860, Time: 01:34:49

Health: -5/139     AC:  9    Str: 31    XL:     17   Next: 6%
Magic:  3/27       EV: 21    Int: 34    God:    Cheibriados [******]
Gold:   351        SH: 15    Dex: 30    Spells: 7/29 levels left

rFire   + . .      SeeInvis +   B - +3 trident (vorpal)
rCold   x . .      Faith    .   d - +1 kite shield
rNeg    . . .      Spirit   .   q - +2 leather armour of Light {rPois}
rPois   +          Reflect  .   j - +1 hat {SInv}
rElec   +          Harm     .   f - +0 cloak
rCorr   .          Rampage  .   a - +0 pair of gloves
Will    ++...                   (boots unavailable)
Stlth   ..........              w - amulet of the Quick God {Regen+ Str+3 Stlth+}
HPRegen 1.13/turn               P - ring of fire
MPRegen 0.20/turn               m - ring "Giogacef" {rElec Will+ Slay+2}

@: berserking, forested, flying quickly and evasively, very slow
A: beak, talons 3, nimble flight
a: Renounce Religion, Bend Time, Temporal Distortion, Slouch, Step From Time


You were on level 3 of the Snake Pit.
You worshipped Cheibriados.
Cheibriados was exalted by your worship.
You visited 5 branches of the dungeon, and saw 26 of its levels.

You collected 2422 gold pieces.
You spent 2071 gold pieces at shops.

Inventory:

Hand Weapons
 B - a +3 vorpal trident (weapon)
Missiles
 p - 4 curare-tipped darts (quivered)
Armour
 a - a +0 pair of gloves (worn)
 d - a +1 kite shield (worn)
 f - a +0 cloak (worn)
 j - a +1 hat of see invisible (worn)
 q - the +2 leather armour of Light (worn) {rPois}
   (You found it on level 14 of the Dungeon)

   rPois:     It protects you from poison.
 E - the +3 ring mail of Verdant Satisfaction {rF++ rCorr}
   (You found it on level 7 of the Dungeon)

   rF:        It greatly protects you from fire.
   rCorr:     It protects you from acid and corrosion.
 N - the +3 leather armour "Vaphestru" {rC+ Dex+5}
   (You found it on level 2 of the Lair of Beasts)

   Dex:       It affects your dexterity (+5).
   rC:        It protects you from cold.
 O - a +1 tower shield of poison resistance
Jewellery
 m - the ring "Giogacef" (right hand) {rElec Will+ Slay+2}
   (You bought it in a shop on level 2 of the Orcish Mines)

   [ring of willpower]

   Slay:      It affects your accuracy & damage with ranged weapons and melee
   (+2).
   rElec:     It insulates you from electricity.
   Will:      It increases your willpower.
 r - a ring of positive energy
 w - the amulet of the Quick God (around neck) {Regen+ Str+3 Stlth+}
   (You found it on level 14 of the Dungeon)

   [amulet of regeneration]

   Str:       It affects your strength (+3).
   Regen:     It increases your rate of health regeneration.
   Stlth:     It makes you more stealthy.
 C - an amulet of reflection
 J - a ring of protection from cold
 P - a ring of fire (left hand)
Wands
 u - a wand of flame (6)
 R - a wand of digging (3)
Scrolls
 c - 4 scrolls of immolation
 e - 5 scrolls of noise
 g - 4 scrolls of blinking
 i - 4 scrolls of butterflies
 n - 5 scrolls of magic mapping
 s - 10 scrolls of teleportation
 x - 6 scrolls of poison
 y - 4 scrolls of identify
 A - 2 scrolls of silence
 D - 2 scrolls of summoning
 I - a scroll of vulnerability
 K - 5 scrolls of fear
Potions
 b - 4 potions of magic
 h - 3 potions of curing
 k - 7 potions of mutation
 o - 2 potions of degeneration
 v - 4 potions of lignification
 F - 2 potions of heal wounds
 G - 2 potions of might
 H - 6 potions of cancellation
 L - 5 potions of attraction
 M - a potion of ambrosia
 Q - 2 potions of brilliance
Miscellaneous
 z - a condenser vane (inert)


   Skills:
 + Level 6.1 Fighting
 - Level 7.6 Polearms
 - Level 8.2 Armour
 - Level 7.1 Dodging
 - Level 2.0 Stealth
 - Level 8.7 Shields
 - Level 6.6 Spellcasting
 - Level 2.4 Hexes
 + Level 18.3 Summonings
 * Level 9.9 Translocations
 - Level 12.0 Air Magic
 + Level 12.6 Invocations


You had 7 spell levels left.
You knew the following spells:

 Your Spells              Type           Power      Damage    Failure   Level
a - Summon Small Mammal   Summ           100%       N/A       0%          1
b - Call Imp              Summ           94%        N/A       0%          2
c - Call Canine Familiar  Summ           94%        N/A       0%          3
d - Summon Guardian Gole  Hex/Summ       70%        N/A       1%          3
e - Summon Lightning Spi  Summ/Air       86%        N/A       1%          4
f - Summon Forest         Summ/Tloc      41%        N/A       1%          5
g - Passage of Golubria   Tloc           68%        N/A       1%          4

Your spell library contained the following spells:

 Spells                   Type           Power      Damage    Failure   Level
 Blink                    Tloc           100%       N/A       1%          2
 Poisonous Vapours        Pois/Air       100%       N/A       1%          2
 Teleport Other           Tloc           68%        N/A       1%          3
 Mephitic Cloud           Conj/Pois/Air  38%        N/A       5%          3
 Beastly Appendage        Tmut           22%        N/A       10%         1
 Freeze                   Ice            44%        1d6       10%         1
 Wereblood                Tmut           11%        N/A       16%         2
 Corpse Rot               Necr/Pois/Air  38%        N/A       19%         4
 Ignite Poison            Fire/Tmut/Pois 16%        N/A       30%         3
 Spider Form              Tmut/Pois      11%        N/A       30%         3
 Freezing Cloud           Conj/Ice/Air   19%        6-21      45%         5
 Yara's Violent Unravell  Hex/Tmut       9%         3d6       86%         5


Dungeon Overview and Level Annotations

Branches:
Dungeon (15/15)            Temple (1/1) D:7            Lair (5/5) D:10
  Swamp (0/4) Lair:2        Snake (3/4) Lair:2        Slime (0/5) Lair:4
    Orc (2/2) D:11            Elf (0/3) Orc:2        Vaults (0/5) D:13
 Depths (0/4) D:15

Altars:
Ashenzari
Cheibriados
Dithmenos
Elyvilon
Fedhas
Gozag
Hepliaklqana
Kikubaaqudgha
Makhleb
Nemelex Xobeh
Okawaru
Qazlal
Ru
Sif Muna
Trog
Uskayaw
Vehumet
Wu Jian
Xom
Yredelemnul
Zin
The Shining One
Jiyva
Lugonu

Shops:
D:3 (   D:4 ?   Orc:1 :   Orc:2 =*([

Portals:
Abyss: Lair:5

Annotations:
D:2 1 exclusion
D:13 1 runed translucent door, Zappman123's ghost, journeyman DrFE
D:14 1 exclusion
Lair:1 2 exclusions
Snake:1 Roxanne
Snake:3 Bai Suzhen
Orc:1 3 runed translucent doors, p0werm0de's ghost, journeyman MeCK
Orc:2 1 exclusion
Abyss:1 Maurice


Innate Abilities, Weirdness & Mutations

You have a beak for a mouth.
You have claws for feet.
Your magical nature lets you fly swiftly and evasively.


Message History

The four-headed hydra is hit by a branch!
Your dryad hits Bai Suzhen but does no damage.
Bai Suzhen bites your dryad! Bai Suzhen claws your dryad!
Bai Suzhen tramples your dryad!
Your dryad holds its ground!
Your dryad dies!
Your dryad's corpse disappears in a puff of smoke!
The forest abruptly stops moving.
The vine falls limply to the ground.
Bai Suzhen roars deafeningly!
You barely miss Bai Suzhen.
The four-headed hydra roars!
Your kick misses Bai Suzhen. You peck Bai Suzhen!
Bai Suzhen is severely wounded.
Bai Suzhen inspects her gathered herbal reagents.
Bai Suzhen bites you!
Bai Suzhen claws you but does no damage.
You block Bai Suzhen's attack.
You puncture Bai Suzhen! You claw Bai Suzhen, but do no damage.
Bai Suzhen is severely wounded.
You are standing in a thunderstorm.
You are struck by lightning!
You resist.
* * * LOW HITPOINT WARNING * * *
The four-headed hydra disappears in a puff of smoke!
Bai Suzhen barely misses you. Bai Suzhen claws you!
* * * LOW HITPOINT WARNING * * *
Bai Suzhen tramples you!
* * * LOW HITPOINT WARNING * * *
You are shoved backwards!
You hit Bai Suzhen but do no damage. You claw Bai Suzhen.
Your peck misses Bai Suzhen.
Bai Suzhen is severely wounded.
You are standing in a thunderstorm.
Bai Suzhen misses you. You block Bai Suzhen's attack. Bai Suzhen tramples you.
* * * LOW HITPOINT WARNING * * *
You are shoved backwards!
Unknown command.
You hit Bai Suzhen but do no damage. You claw Bai Suzhen!
Bai Suzhen is almost dead.
You are standing in a thunderstorm.
You are struck by lightning!
You resist.
* * * LOW HITPOINT WARNING * * *
Bai Suzhen bites you!!
You die...

#.# #.#...#.# #[# #.#...#.# #.#
#.#.⌠.#.# #.# #.#...#.# #.#
#.#...#.# #.# ##.#...## #.#
♣#♣'♣## #.# #######.....♣#####♣
##.....♣
#.###.⌠.##.##♣#♣@♣#.⌠.♣♣#♣.♣.....
#.##.....#.♣...§D♣...≈.♣#.......#
#.##⌠.>..'...⌠.♣§§..<≈⌠#.♣.♣..d.♣
#.##.....#......§♣...≈.♣........♣
#.###.⌠.#♣.♣♣♣#♣)#♣.⌠≈##........#
#.# #######....§♣##♣#♣♣♣........#
#[#######.###D### ....♣..<..#
#........#♣...D)♣# .#........♣
#........#.#...#.# ♣#..♣...8#


You could see Bai Suzhen (clouds).

Vanquished Creatures
  A tengu reaver (D:14)
  A nagaraja (Snake:3)
  An orc warlord (Orc:2)
  Nessos (D:14)
  4 hydras
  3 anacondas
  4 two-headed ogres
  5 centaur warriors
  2 tengu warriors (D:13)
  2 naga warriors (Snake:1)
  3 naga sharpshooters (Snake:1)
  3 shock serpents
  2 thrashing horrors (Lair:5)
  Sonja (D:11)
  A sea snake (Snake:3)
  A deep elf pyromancer (D:13)
  3 ugly things
  A deep elf zephyrmancer (D:14)
  A cyclops (D:13)
  A mana viper (Snake:2)
  4 elephants
  A manticore (D:14)
  11 black mambas
  A centaur zombie (D:15)
  A salamander (Snake:1)
  3 naga magi
  A kobold demonologist (D:9)
  3 cane toads (Lair:4)
  Psyche (D:11)
  A centaur skeleton (D:15)
  2 komodo dragons
  A rime drake (Lair:4)
  A freezing wraith (D:14)
  2 trolls
  A large abomination (Lair:5)
  9 blink frogs
  4 dream sheep
  Sigmund (D:2)
  2 ynoxinuls (Lair:5)
  2 wraiths
  15 yaks
  2 wyverns
  2 hogs (D:12)
  A basilisk (shapeshifter) (Lair:5)
  2 humans (D:9)
  A chaos spawn (Lair:5)
  2 vampire mosquitoes
  The ghost of PeterMcNeter the Caller, an amateur FeSu (D:5)
  3 basilisks
  A swamp worm (Lair:2)
  5 nagas
  An acid dragon (D:9)
  3 water moccasins
  An ice beast (D:5)
  A sky beast (D:8)
  2 black bears
  6 orc warriors
  10 wolves
  2 ogres
  8 centaurs
  A phantom (D:11)
  2 lemures (D:6)
  3 kobold brigands
  6 bullfrogs
  A gnoll sergeant (D:13)
  4 scorpions
  5 small abominations (Lair:5)
  2 wights
  A hornet simulacrum (D:15)
  A troll zombie (D:11)
  A killer bee (D:9)
  4 howler monkeys
  6 electric eels (Snake:1)
  4 hounds (D:10)
  6 orc priests
  A water moccasin simulacrum (D:5)
  A gnoll bouda (D:3)
  An iguana (D:4)
  Terence (D:2)
  A boggart zombie (D:15)
  8 orc wizards
  A hell rat (Lair:5)
  3 bullfrog simulacra (D:5)
  A centaur simulacrum (D:5)
  An ogre zombie (D:11)
  16 gnolls
  3 adders
  A hound simulacrum (D:5)
  2 white imps
  An ufetubus (D:4)
  A worm (D:2)
  A dart slug (D:2)
  11 orcs
  7 ball pythons
  4 bats
  7 endoplasms
  2 giant cockroaches
  5 goblins
  9 hobgoblins
  2 quokkas (D:4)
  A goblin skeleton (D:11)
  A hobgoblin zombie (D:11)
  17 kobolds
  3 orc zombies (D:11)
  6 rats
328 creatures vanquished.

Vanquished Creatures (collateral kills)
  Jorgrun (D:14)
  Kirke (D:12)
  An ironbound preserver (D:13)
  A very ugly thing (D:15)
  Josephine (Lair:4)
  Fannar (D:12)
  A centaur warrior (D:15)
  4 boulder beetles
  6 hydras
  5 naga warriors
  3 two-headed ogres
  5 anacondas
  A death yak (Lair:1)
  A thrashing horror (Lair:5)
  An orc high priest (Orc:2)
  6 naga sharpshooters
  Urug (D:12)
  Nergalle (Orc:2)
  2 shock serpents
  A large abomination (Lair:5)
  A salamander mystic (Snake:1)
  2 sea snakes
  2 naga ritualists (Snake:2)
  5 mana vipers
  5 ugly things
  2 deep elf pyromancers (D:14)
  A necromancer (D:15)
  A wolf spider zombie (D:15)
  4 orc knights
  A cyclops (D:14)
  2 manticores
  3 orc sorcerers
  A salamander (Snake:2)
  5 elephants (Lair:4)
  2 torpor snails
  A gargoyle (D:13)
  10 black mambas
  2 unseen horrors
  7 naga magi
  9 cane toads
  A yaktaur (shapeshifter) (D:14)
  6 komodo dragons
  An ancient zyme (Lair:5)
  A kobold demonologist (D:9)
  A tengu conjurer (D:14)
  4 trolls
  A troll (shapeshifter) (D:14)
  A tyrant leech (Lair:2)
  3 dream sheep (Lair:3)
  9 blink frogs
  A centaur simulacrum (D:15)
  A spriggan (Lair:5)
  2 vampires (D:13)
  5 wyverns
  4 wraiths (Lair:4)
  5 basilisks
  A hog (D:12)
  20 yaks
  A shadow (D:13)
  A steam dragon (Lair:2)
  A vampire mosquito (D:13)
  A chaos spawn (Lair:5)
  7 small abominations
  A swamp worm (Lair:2)
  21 nagas
  8 water moccasins
  11 orc warriors
  A black bear (Lair:4)
  2 ogres
  8 centaurs
  12 wolves
  A phantom (D:11)
  A kobold brigand (D:8)
  Blork the orc (D:6)
  A bullfrog (Lair:2)
  A scorpion (D:4)
  A gnoll sergeant (D:11)
  11 wights
  A howler monkey (D:6)
  3 electric eels
  A hound (D:4)
  A gnoll bouda (D:4)
  3 jellies
  8 orc priests
  13 orc wizards
  2 iguanas
  8 hell rats
  6 ogre zombies (D:11)
  A mummy (D:12)
  13 gnolls
  4 adders
  A white imp (D:6)
  2 worms
  A dart slug (D:2)
  22 orcs
  A bat (D:1)
  An endoplasm (D:1)
  2 goblins
  5 hobgoblins
  A jackal (D:4)
  2 quokkas (D:1)
  A ball python (D:4)
  2 frilled lizards
  A goblin skeleton (D:11)
  3 goblin zombies (D:11)
  2 hobgoblin zombies (D:11)
  4 kobolds
  An orc skeleton (D:11)
  13 orc zombies (D:11)
  A rat (D:1)
  A fire vortex (Lair:5)
400 creatures vanquished.

Vanquished Creatures (others)
  The ghost of Maiffull the Brawler, a journeyman TrMo of Zin (D:14)
  2 hydras
  A centaur warrior (D:15)
  An anaconda (Snake:1)
  A tengu warrior (D:14)
  A naga sharpshooter (Snake:1)
  A naga ritualist (Snake:1)
  Pikel (D:6)
  A mana viper (Snake:1)
  An ugly thing (D:15)
  A manticore (D:14)
  Joseph (D:9)
  A cane toad (shapeshifter) (Lair:5)
  A cane toad (Lair:5)
  A komodo dragon (Lair:2)
  A blink frog (Lair:5)
  7 yaks
  A wyvern (D:8)
  2 basilisks
  A hog (D:12)
  2 steam dragons (D:7)
  A chaos spawn (Lair:5)
  A naga (Snake:1)
  An acid dragon (D:9)
  An orc warrior (D:8)
  3 wolves
  A centaur (D:15)
  4 wights
  A gnoll bouda (D:7)
  A hell rat (Lair:5)
  An orc wizard (D:9)
  2 gnolls (D:7)
  4 orcs
  A kobold (D:9)
  4 bushes (D:15)
  43 fungi
  89 plants
  8 snaplasher vines
196 creatures vanquished.

Grand Total: 924 creatures vanquished

Notes
Turn   | Place    | Note
-------+----------+-------------------------------------------
     0 | D:1      | Mesmaeker13 the Tengu Summoner began the quest for the Orb.
     0 | D:1      | Reached XP level 1. HP: 10/10 MP: 4/4
    33 | D:1      | Found a faded altar of an unknown god.
    39 | D:1      | Got Plato's Vellum of Frostbite
   529 | D:1      | Reached skill level 5 in Summonings
   529 | D:1      | Reached XP level 2. HP: 14/15 MP: 1/6
  1322 | D:1      | Reached XP level 3. HP: 19/19 MP: 5/7
  1604 | D:2      | Noticed Sigmund
  1781 | D:2      | Noticed Terence
  1787 | D:2      | Learned a level 2 spell: Call Imp
  1970 | D:3      | Learned a level 3 spell: Call Canine Familiar
  2050 | D:3      | Reached XP level 4. HP: 24/24 MP: 0/9
  2736 | D:3      | Gained mutation: Your magical nature lets you fly swiftly
                  | and evasively. [Tengu growth]
  2736 | D:3      | Reached XP level 5. HP: 6/28 MP: 5/10
  2739 | D:3      | Identified the +3 scale mail "Urphaseh" {Str+5}
  3085 | D:3      | Learned a level 3 spell: Summon Guardian Golem
  3284 | D:3      | Found Jivudw Sorah's Antique Weapon Shop.
  3294 | D:3      | Reached skill level 6 in Summonings
  4090 | D:3      | Upgraded the game from 0.29-a0-901-g46a8461d6a to
                  | 0.29-a0-902-g0f71de6fce
  4378 | D:4      | Found an ancient bone altar of Kikubaaqudgha.
  4381 | D:4      | Found a shimmering altar of Xom.
  4384 | D:4      | Found a glowing silver altar of Zin.
  4387 | D:4      | Found a blossoming altar of Fedhas.
  4467 | D:4      | Reached XP level 6. HP: 31/32 MP: 8/12
  4482 | D:4      | Reached skill level 1 in Hexes
  5030 | D:4      | Found Mosiy's Magic Scroll Shoppe.
  5239 | D:4      | Reached XP level 7. HP: 36/36 MP: 9/14
  5478 | D:5      | Entered Level 5 of the Dungeon
  5538 | D:4      | Reached skill level 5 in Dodging
  5700 | D:4      | Reached skill level 7 in Summonings
  5947 | D:5      | Found a runed translucent gate.
  5947 | D:5      | Found a runed translucent gate.
  5947 | D:5      | Found a runed translucent gate.
  6354 | D:5      | Reached XP level 8. HP: 26/41 MP: 7/15
  6604 | D:5      | Learned a level 4 spell: Summon Lightning Spire
  7162 | D:5      | Noticed PeterMcNeter's ghost (amateur FeSu)
  7326 | D:6      | Reached skill level 1 in Air Magic
  7455 | D:6      | Noticed Blork the orc
  7467 | D:6      | Killed Blork the orc
  7468 | D:6      | Reached skill level 5 in Spellcasting
  7486 | D:6      | Found a hazy altar of Hepliaklqana.
  7487 | D:6      | Found a faded altar of an unknown god.
  7555 | D:6      | Reached skill level 8 in Summonings
  7865 | D:6      | Noticed Pikel
  7878 | D:6      | Killed Pikel
  7879 | D:6      | Reached XP level 9. HP: 37/45 MP: 10/18
  8110 | D:6      | Found a shimmering blue altar of Sif Muna.
  8218 | D:6      | Identified the +6 chain mail "Zerpheodo" {Str+3}
  8566 | D:7      | Found a staircase to the Ecumenical Temple.
  8589 | D:7      | Reached skill level 5 in Air Magic
  8831 | D:7      | Reached skill level 1 in Shields
  8831 | D:7      | Reached skill level 9 in Summonings
  9140 | Temple   | Entered the Ecumenical Temple
  9278 | Temple   | Became a worshipper of Cheibriados the Contemplative
 10086 | D:7      | Found a bloodstained altar of Trog.
 10882 | D:7      | Found a shadowy altar of Dithmenos.
 10884 | D:7      | Identified the +3 ring mail of Verdant Satisfaction {rF++
                  | rCorr}
 11065 | D:8      | Reached XP level 10. HP: 50/50 MP: 17/20
 11272 | D:8      | Reached skill level 1 in Armour
 11272 | D:8      | Reached skill level 1 in Invocations
 11285 | D:8      | Reached * piety under Cheibriados
 11477 | D:8      | Reached skill level 10 in Summonings
 11945 | D:8      | Found an ornate altar of the Wu Jian Council.
 12043 | D:9      | Identified the +11 plate armour of Giskos {rElec rF-
                  | Will+++ Int+2}
 12119 | D:9      | You are sucked into a shaft and drop 1 floor!
 12119 | D:10     | Entered Level 10 of the Dungeon
 12342 | D:10     | Reached ** piety under Cheibriados
 12526 | D:10     | Found a staircase to the Lair.
 12562 | D:10     | Killed an unseen horror
 12618 | D:10     | Reached skill level 11 in Summonings
 13204 | D:9      | Noticed Joseph
 13300 | D:9      | Killed Joseph
 13301 | D:9      | Reached XP level 11. HP: 54/54 MP: 13/21
 13382 | D:9      | Reached skill level 5 in Armour
 13489 | D:9      | Noticed a two-headed ogre
 13502 | D:9      | Killed a two-headed ogre
 13632 | D:9      | Noticed a two-headed ogre
 13650 | D:9      | Killed a two-headed ogre
 13711 | D:9      | Found an iron altar of Okawaru.
 13887 | D:9      | Reached skill level 5 in Invocations
 13888 | D:9      | Reached skill level 10 in Air Magic
 13892 | D:9      | Reached *** piety under Cheibriados
 13987 | D:9      | Reached skill level 12 in Summonings
 14395 | D:11     | Noticed a two-headed ogre
 14406 | D:11     | Killed a two-headed ogre
 14410 | D:11     | Noticed a red ugly thing
 14487 | D:11     | Noticed Maurice
 14487 | D:11     | Noticed Sonja
 14487 | D:11     | Noticed Psyche
 14637 | Lair:1   | Entered Level 1 of the Lair of Beasts
 14747 | Lair:1   | Reached XP level 12. HP: 59/59 MP: 19/22
 14824 | Lair:1   | Noticed a seven-headed hydra
 14827 | Lair:1   | Noticed a death yak
 14992 | Lair:1   | Reached **** piety under Cheibriados
 15217 | Lair:1   | Killed a seven-headed hydra
 15270 | Lair:1   | Killed a death yak
 15446 | Lair:1   | Reached skill level 13 in Summonings
 16108 | Lair:2   | Identified the +3 leather armour "Vaphestru" {rC+ Dex+5}
 16236 | Lair:2   | Noticed a six-headed hydra
 16245 | Lair:2   | Killed a six-headed hydra
 16315 | Lair:2   | Found a staircase to the Swamp.
 16425 | Lair:2   | Noticed a five-headed hydra
 16432 | Lair:2   | Killed a five-headed hydra
 16577 | Lair:2   | Reached ***** piety under Cheibriados
 16705 | Lair:2   | Reached skill level 1 in Polearms
 16705 | Lair:2   | Reached skill level 5 in Shields
 16705 | Lair:2   | Reached XP level 13. HP: 63/63 MP: 15/23
 16895 | Lair:2   | Found a staircase to the Snake Pit.
 16921 | Lair:2   | Identified the +3 kite shield of Recklessness {Will- Str+2
                  | Int+2}
 17003 | Lair:2   | Reached skill level 14 in Summonings
 18620 | Lair:4   | Reached ****** piety under Cheibriados
 19032 | Lair:4   | Reached skill level 5 in Polearms
 19197 | Lair:4   | Noticed Josephine
 19211 | Lair:4   | Killed Josephine
 19274 | Lair:4   | Found a viscous altar of Jiyva.
 19274 | Lair:4   | Found a staircase to the Slime Pits.
 19431 | Lair:4   | Reached skill level 15 in Summonings
 19643 | Lair:5   | Entered Level 5 of the Lair of Beasts
 19821 | Lair:4   | Reached XP level 14. HP: 44/68 MP: 20/24
 21020 | Lair:5   | Found a corrupted altar of Lugonu.
 21020 | Lair:5   | Found a one-way gate to the infinite horrors of the Abyss.
 21025 | Lair:5   | Identified the +5 hand axe "Puwayfer" {drain, rN+ Dex+4}
 21025 | Lair:5   | Identified the +1 buckler of Orruibb {rN+ rCorr}
 21136 | Lair:5   | Reached skill level 10 in Invocations
 21780 | D:11     | Banished Maurice
 21787 | D:11     | Killed Sonja
 21788 | D:11     | Killed Psyche
 21950 | D:11     | Found a staircase to the Orcish Mines.
 21954 | D:11     | Identified the +7 broad axe of the Imperium {venom, Fly
                  | rF+}
 22221 | Orc:1    | Entered Level 1 of the Orcish Mines
 22231 | Orc:1    | Found Zatij's Book Shoppe.
 22260 | Orc:1    | Bought the Cyclopedia of the Charming Voyage for 672 gold
                  | pieces
 22267 | Orc:1    | Learned a level 5 spell: Summon Forest
 22271 | Orc:1    | Found a runed translucent gate.
 22281 | Orc:1    | Found a runed translucent gate.
 22282 | Orc:1    | Found a runed translucent gate.
 22282 | Orc:1    | Noticed p0werm0de's ghost (journeyman MeCK)
 22323 | Orc:1    | Reached skill level 16 in Summonings
 22323 | Orc:1    | Reached skill level 1 in Translocations
 22635 | Orc:1    | Found an iron altar of Okawaru.
 22651 | Orc:2    | Entered Level 2 of the Orcish Mines
 22691 | Orc:2    | Noticed Nergalle
 22708 | Orc:2    | Killed Nergalle
 23013 | Orc:2    | Found a staircase to the Elven Halls.
 23020 | Orc:2    | Noticed an orc warlord
 23038 | Orc:2    | Killed an orc warlord
 23169 | Orc:2    | Found Nyreugog's Antique Weapon Shop.
 23310 | Orc:2    | Found Obatubb's Antique Armour Shop.
 23330 | Orc:2    | Found Uryrph's Jewellery Shop.
 23439 | Orc:2    | Found Toecen's General Store.
 23516 | Orc:2    | Bought the ring "Giogacef" {rElec Will+ Slay+2} for 711
                  | gold pieces
 23540 | Orc:2    | Bought an embroidered hat for 238 gold pieces
 23793 | D:12     | Noticed Kirke
 23803 | D:12     | Killed Kirke
 23804 | D:12     | Reached XP level 15. HP: 72/72 MP: 17/25
 23828 | D:12     | Noticed Urug
 23836 | D:12     | Killed Urug
 23839 | D:12     | Noticed Fannar
 23848 | D:12     | Killed Fannar
 24216 | D:12     | Found a snail-covered altar of Cheibriados.
 24558 | D:13     | Found a runed translucent door.
 24558 | D:13     | Noticed Zappman123's ghost (journeyman DrFE)
 24581 | D:13     | Learned a level 4 spell: Passage of Golubria
 24937 | D:13     | Reached skill level 5 in Translocations
 25055 | D:13     | Found a gate to the Vaults.
 25699 | D:5      | Killed PeterMcNeter's ghost
 26012 | D:2      | Killed Terence
 26208 | D:2      | Killed Sigmund
 26212 | D:2      | Upgraded the game from 0.29-a0-902-g0f71de6fce to
                  | 0.29-a0-911-g88e6f02907
 26577 | D:14     | Identified the +2 leather armour of Light {rPois}
 26728 | D:14     | Reached skill level 17 in Summonings
 26802 | D:14     | Found a runed translucent gate.
 26802 | D:14     | Found a runed translucent gate.
 26802 | D:14     | Noticed Jorgrun
 26932 | D:14     | Noticed Maiffull's ghost (journeyman TrMo)
 26932 | D:14     | Noticed a tengu reaver
 26935 | D:14     | Found a runed translucent gate.
 26958 | D:14     | Found a shimmering blue altar of Sif Muna.
 27113 | D:14     | Noticed Nessos
 27131 | D:14     | Killed Nessos
 27404 | D:15     | Entered Level 15 of the Dungeon
 27526 | D:15     | Reached skill level 1 in Fighting
 28184 | D:15     | Found a staircase to the Depths.
 28747 | D:14     | Killed Jorgrun
 28847 | D:14     | Killed a tengu reaver
 28848 | D:14     | Reached XP level 16. HP: 41/80 MP: 12/26
 28862 | D:14     | Killed Maiffull's ghost
 29007 | D:14     | Identified the amulet of the Quick God {Regen+ Str+3
                  | Stlth+}
 29142 | Orc:2    | Bought an amulet of reflection for 450 gold pieces
 29312 | Snake:1  | Entered Level 1 of the Snake Pit
 29312 | Snake:1  | Found an iron altar of Okawaru.
 29813 | Snake:1  | Identified Roxanne's Vellum of Transformation
 29813 | Snake:1  | Noticed Roxanne
 30450 | Snake:1  | Found a radiant altar of Vehumet.
 31133 | Snake:2  | Reached skill level 5 in Fighting
 31136 | Snake:2  | Reached skill level 18 in Summonings
 32259 | Snake:3  | Reached XP level 17. HP: 93/93 MP: 23/27
 32746 | Snake:3  | Noticed Bai Suzhen
 32860 | Snake:3  | Slain by Bai Suzhen

Illustrated notes

Levels and vault maps discovered:
D:1:      amcnicky_arrival_choice, layout_loops_corners,
          shapermc_ecumenical_altar_rom_forum, chequers_serial_rivers_micro_a
D:2:      layout_basic, uniq_sigmund, uniq_terence
D:3:      layout_basic, serial_shops, shop, minmay_misc_feat_tiny,
          nicolae_hexahallways
D:4:      minmay_chambers_of_threes, layout_gridville,
          grunt_temple_overflow_cloverleaf, serial_shops, nicolae_diamond_shop,
          minivault_27
D:5:      layout_rooms, gammafunk_ghost_icy, corexii_shack
D:6:      layout_gridville, beargit_hepliaklqana_dungeon_heroes,
          mainiacjoe_overflow_concentric_impassable, uniq_pikel
D:7:      layout_basic, trog_book, lemuel_coloured_pillars_altar,
          minmay_temple_entry_glass, minmay_misc_feat_rugged
D:8:      layout_loops_ring, mainiacjoe_overflow_tiny_flanked
D:9:      minmay_razor_zed, layout_rooms, okawaru_humans, uniq_joseph
D:10:     layout_cave_pods, erik_lair_island
D:11:     layout_rooms, zombieorc2_lemuel, uniq_maurice, uniq_sonja, uniq_psyche
D:12:     layout_loops_cross, slow_altar_1, uniq_kirke, uniq_urug, uniq_fannar
D:13:     layout_long_grid, skrybe_vaults_entry_preservation,
          ebering_ghost_inner_flame, kennysheep_generic_room_15
D:14:     layout_loops_ring, gammafunk_ghost_split, led_sif_pool, uniq_jorgrun,
          uniq_nessos
D:15:     grunt_enter_depths_magical_seal, layout_loops_ring,
          serial_park_square1 [serial_park_minivault_5x5_4]
Temple:   minmay_temple_forest_path
Lair:1:   layout_chaotic_city, nzn_random_ring, lemuel_fruit_fields
Lair:2:   layout_chaotic_city, minmay_swamp_entry_worms,
          guppyfry_snake_entry_garden, beast_lair_carwin_1
Lair:3:   layout_roguey, grunt_megastairs_5
Lair:4:   layout_loops_ring, dpeg_slime_entry_enclosed, gauntlet_entry_generic,
          uniq_josephine
Lair:5:   hellmonk_lair_end_abyssal_woods, layout_gridlike, grunt_megastairs_2,
          infiniplex_staircase_pool
Snake:1:  layout_gridlike, hangedman_feature_mirror, serial_bayou_lagoon_b,
          uniq_roxanne
Snake:2:  layout_grid_shapes
Snake:3:  layout_gridlike, drop_trap, serial_bayou_shore_a, grunt_megastairs_1,
          uniq_bai_suzhen
Orc:1:    layout_caves, serial_shops, shop_coins,
          gammafunk_ghost_fury_of_okawaru
Orc:2:    grunt_orc_cross, layout_diamond_mine

Skill      XL: |  1  2  3  4  5  6  7  8  9 10 11 12 13 14 15 16 17 |
---------------+----------------------------------------------------+-----
Summonings     | 5 6 7 8 9 11 12 13 15 16 17 18 | 18.3
Dodging        | 3 4 5 6 7 |  7.1
Spellcasting   | 3 4 5 6 |  6.6
Hexes          | 1 2 |  2.4
Air Magic      | 4 6 9 10 12 | 12.0
Shields        | 3 5 7 8 |  8.7
Armour         | 4 7 8 |  8.2
Invocations    | 4 5 7 9 10 11 12 | 12.6
Polearms       | 1 5 7 |  7.6
Translocations | 3 7 9 |  9.9
Fighting       | 2 5 6 |  6.1
Stealth        | |  2.0

Action                   |  1- 3 |  4- 6 |  7- 9 | 10-12 | 13-15 | 16-18 || total
-------------------------+-------+-------+-------+-------+-------+-------++-------
Melee: Dagger            |    49 |   100 |    27 |       |       |       ||   176
       Kick              |    18 |    14 |    46 |    91 |   226 |    67 ||   462
       Peck              |     7 |    21 |    23 |    64 |   141 |    31 ||   287
       Unarmed           |     1 |       |       |       |       |       ||     1
       Punch             |       |     2 |     2 |     5 |     3 |       ||    12
       Trident           |       |       |    32 |       |   288 |   180 ||   500
       Spear             |       |       |   116 |   290 |   340 |       ||   746
Throw: Dart              |     6 |    12 |    10 |       |       |       ||    28
 Cast: Summon Small Mamm |    33 |     1 |       |       |     2 |       ||    36
       Call Imp          |     4 |    12 |    16 |     3 |     3 |       ||    38
       Call Canine Famil |     2 |    20 |    31 |    21 |    57 |    25 ||   156
       Summon Guardian G |       |       |    18 |    30 |    39 |     9 ||    96
       Summon Lightning  |       |       |       |    41 |   114 |    61 ||   216
       Summon Forest     |       |       |       |       |     9 |    14 ||    23
Invok: Slouch            |       |       |       |       |     5 |     1 ||     6
       Step From Time    |       |       |       |       |     1 |     1 ||     2
Evoke: Wand              |       |       |       |       |     8 |    11 ||    19
       Condenser vane    |       |       |       |       |     1 |     1 ||     2
  Use: Scroll            |       |     4 |     2 |    12 |    11 |     4 ||    33
       Potion            |       |       |     4 |       |     4 |     4 ||    12
 Stab: Sleeping          |     2 |     9 |     2 |     1 |     1 |     1 ||    16
       Distracted        |       |     1 |     2 |    10 |    31 |     9 ||    53
       Confused          |       |       |       |       |     1 |       ||     1
Armor: Robe              |    12 |     5 |    12 |       |       |       ||    29
       Ring mail         |       |       |       |    64 |   121 |    17 ||   202
       Leather armour    |       |       |       |       |       |     8 ||     8
Dodge: Dodged            |    36 |   106 |   137 |   280 |   493 |   121 ||  1173
Block: Kite shield       |       |       |       |       |   324 |   165 ||   489

Table legend: (Time is in decaauts)
 A = Elapsed time spent in this place.
 B = Non-inter-level travel time spent in this place.
 C = Inter-level travel time spent in this place.
 D = Time resting spent in this place.
 E = Time spent auto-exploring this place.
 F = Levels seen in this place.
 G = Mean time per level.
                   A        B        C        D        E       F      G
               +--------+--------+--------+--------+--------+-----+--------+
         Total |  43560 |  38793 |   4767 |   4213 |  24082 |  26 | 1675.4 |
       Dungeon |  24678 |  21868 |   2810 |   2774 |  13534 |  15 | 1645.2 |
        Temple |    525 |    445 |     80 |      0 |    431 |   1 |  525.0 |
          Lair |  10778 |   9540 |   1238 |    734 |   6479 |   5 | 2155.6 |
     Snake Pit |   5081 |   4722 |    359 |    703 |   1793 |   3 | 1693.7 |
  Orcish Mines |   2497 |   2218 |    279 |      0 |   1844 |   2 | 1248.5 |
               +--------+--------+--------+--------+--------+-----+--------+

Top non-repeatable levels by time:
 Snake:1: 2616 daAuts
  Lair:1: 2596 daAuts
  Lair:5: 2463 daAuts
    D:10: 2253 daAuts
     D:3: 2095 daAuts
     D:7: 2057 daAuts
    D:14: 1984 daAuts
  Lair:2: 1942 daAuts
  Lair:3: 1889 daAuts
  Lair:4: 1887 daAuts
     D:4: 1830 daAuts
    D:13: 1829 daAuts
   Orc:2: 1676 daAuts
 Snake:2: 1671 daAuts
     D:9: 1605 daAuts
